 Dungeon Crawl Stone Soup version 0.30.1-11-g7821555f0a (webtiles) character file.

Game seed: 9566135782310699196

1182 Amplified the Ducker (level 8, -16/42 HPs)
             Began as a Spriggan Fighter on Nov 1, 2023.
             Killed from afar by Maggie (28 damage)
             ... with a bolt of fire
             ... on level 6 of the Dungeon.
             The game lasted 00:09:18 (5273 turns).

Amplified the Ducker (Spriggan Fighter)             Turns: 5273, Time: 00:09:18

Health: -16/42     AC:  3    Str: 12    XL:     8   Next: 19%
Magic:  9/9        EV: 19    Int: 10    God:
Gold:   326        SH:  5    Dex: 16    Spells: 7/7 levels left

rFire   . . .        j - +5 rapier (drain)
rCold   + . .        c - +0 buckler
rNeg    . . .        b - +0 robe
rPois   .            w - +1 hat
rElec   .            (no cloak)
rCorr   .            (gloves unavailable)
SInv    +            (boots unavailable)
Will    +....        g - amulet of magic regeneration
Stlth   +            v - ring of protection from cold
HPRegen 0.27/turn    (no ring)
MPRegen 0.51/turn

%: no passive effects
@: very quick
A: very small, no large weapons, unfitting armour, see invisible, speed 3
a: no special abilities


You were on level 6 of the Dungeon.
You visited 1 branch of the dungeon, and saw 6 of its levels.
You also visited: Sewer.

You collected 326 gold pieces.

Inventory:

Hand Weapons
 a - a +0 rapier of freezing
 j - a +5 rapier of draining (weapon)
Missiles
 m - 16 poisoned darts (quivered)
Armour
 b - a +0 robe (worn)
 c - a +0 buckler (worn)
 q - a +2 ring mail of willpower
 w - a +1 hat (worn)
Jewellery
 g - an amulet of magic regeneration (around neck)
 v - a ring of protection from cold (left hand)
Wands
 d - a wand of flame (12)
 y - a wand of charming (5)
Scrolls
 e - a scroll of vulnerability
 l - 3 scrolls of teleportation
 n - a scroll of fear
 o - 3 scrolls of noise
Potions
 f - 2 potions of flight
 h - 2 potions of curing
 i - a potion of magic
 p - 2 potions of lignification {unknown}
 r - a potion of mutation {unknown}
 s - a potion of brilliance {unknown}
 t - 2 potions of invisibility {unknown}
 u - a potion of experience {unknown}
 x - 2 potions of ambrosia {unknown}


   Skills:
 * Level 4.9 Fighting
 * Level 6.1 Short Blades
 + Level 6.2 Dodging
 * Level 4.5 Shields


You had 7 spell levels left.
You didn't know any spells.
Your spell library contained the following spells:

 Spells                   Type           Power      Damage    Failure   Level
 Freeze                   Ice            0%         1d3       45%         1
 Dazzling Flash           Conj/Hex       0%         N/A       83%         3
 Frozen Ramparts          Ice            0%         1d1       83%         3
 Hailstorm                Conj/Ice       0%         3d3       83%         3
 Ozocubu's Armour         Ice            0%         N/A       83%         3
 Agony                    Necr           0%         N/A       100%        5
 Metabolic Englaciation   Hex/Ice        0%         N/A       100%        5
 Silence                  Hex/Air        0%         N/A       100%        5
 Simulacrum               Ice/Necr       0%         N/A       100%        6


Dungeon Overview and Level Annotations

Branches:
Dungeon (6/15)              Sewer (visited)
 Temple: D:4-7

Altars:
Cheibriados
Gozag
Kikubaaqudgha
Ru
Wu Jian

Shops:
D:5 :

Annotations:
D:3 3 runed translucent doors, SacredBeard's ghost, amateur DsNe
D:6 Maggie; Pikel


Innate Abilities, Weirdness & Mutations

You are very small and have problems with some larger weapons.
You are too small for most types of armour.
You have supernaturally acute eyesight. (SInv)
You cover ground extremely quickly. (Speed+++)


Message History

The hound is no longer charmed.
The hound closely misses you. The hound misses you.
A hound is nearby!
A hound is nearby!
A hound is nearby!
A hound is nearby!
A hound is nearby!
You hit the hound. You drain the hound.
The hound is almost dead.
The hound barely misses you.
You hit the hound.
You kill the hound!
No target in view!
No target in view!
No target in view!
HP restored.
You open the door.
Found a leather armour.
Found a stone staircase leading up and a stone staircase leading down.
There is an open door here.
Maggie the Vainglorious comes into view.
She is wielding a +7 halberd of venom.
Maggie shouts!
There is a stone staircase leading up here.
Maggie is nearby!
There is a stone staircase leading down here.
Okay, then.
Okay, then.
Okay, then.
Really read the scroll of torment?
As you read the scroll of torment, it crumbles to dust.
Your body is wracked with pain!
Maggie convulses!
Really read the scroll of torment?
As you read the scroll of torment, it crumbles to dust.
Your body is wracked with pain!
* * * LOW HITPOINT WARNING * * *
Maggie convulses!
Maggie gestures at you while chanting. The bolt of fire hits you!!
Ouch! That really hurt!
You die...

#.#.#.#.. ........#
#####.#.#.#.#
.##..#.....@..#.
........#.#.#...
..............
...........#
........@..#
########<..[#
######...####....##..
..........#..........
..........#..........
............'...........
............#...........
...........#...........
. #...##...##....####+##


You could see Maggie.

Vanquished Creatures
  Eustachio (D:4)
  A water moccasin (D:5)
  A lemure (D:5)
  A phantom (D:5)
  A bullfrog (D:6)
  A scorpion (D:6)
  4 hounds
  An orc priest (D:5)
  6 jellies
  2 iguanas
  3 orc wizards
  Ijyb (D:4)
  10 gnolls
  6 adders
  A river rat (Sewer)
  2 white imps (D:5)
  2 ufetubi (D:4)
  4 worms
  2 dart slugs
  9 orcs
  11 ball pythons
  14 endoplasms
  4 giant cockroaches (Sewer)
  7 goblins
  3 hobgoblins
  5 quokkas
  3 bats
  4 frilled lizards
  8 kobolds
  9 rats
127 creatures vanquished.

Vanquished Creatures (collateral kills)
  An orc (D:6)
1 creature vanquished.

Vanquished Creatures (others)
  Menkaure (D:6)
  An orc (D:6)
2 creatures vanquished.

Grand Total: 130 creatures vanquished

Notes
Turn   | Place    | Note
-------+----------+-------------------------------------------
     0 | D:1      | Amplified the Spriggan Fighter began the quest for the Orb.
     0 | D:1      | Reached XP level 1. HP: 11/11 MP: 2/2
   164 | D:1      | Reached XP level 2. HP: 16/16 MP: 3/3
   881 | D:2      | You fall into a shaft and drop 1 floor!
  1025 | D:3      | Found a runed translucent gate.
  1176 | D:3      | Reached XP level 3. HP: 14/19 MP: 4/4
  1224 | D:3      | Found a glowing drain.
  1231 | Sewer    | Entered a sewer
  1380 | Sewer    | Reached XP level 4. HP: 24/24 MP: 5/5
  1404 | Sewer    | Found a viscous altar of Jiyva.
  1422 | Sewer    | Reached XP level 5. HP: 28/28 MP: 6/6
  1837 | D:3      | Found a runed translucent gate.
  1837 | D:3      | Found a runed translucent gate.
  1838 | D:3      | Found an opulent altar of Gozag.
  1841 | D:3      | Noticed SacredBeard's ghost (amateur DsNe)
  2519 | D:4      | Reached skill level 5 in Dodging
  2519 | D:4      | Reached XP level 6. HP: 17/32 MP: 7/7
  2655 | D:4      | Noticed Ijyb
  2672 | D:4      | Killed Ijyb
  2876 | D:4      | Noticed Eustachio
  2897 | D:5      | Entered Level 5 of the Dungeon
  3102 | D:5      | Reached XP level 7. HP: 37/37 MP: 8/8
  3123 | D:5      | Reached skill level 5 in Short Blades
  3230 | D:5      | HP: 1/37 [ogre/+0 giant club (22)]
  3249 | D:5      | Found Gasotuomo's Tiny Tomes.
  3670 | D:5      | Found an ancient bone altar of Kikubaaqudgha.
  3671 | D:5      | Found an ornate altar of the Wu Jian Council.
  3672 | D:5      | Found a sacrificial altar of Ru.
  3673 | D:5      | Found a snail-covered altar of Cheibriados.
  3837 | D:4      | Killed Eustachio
  4834 | D:6      | Reached XP level 8. HP: 30/42 MP: 9/9
  4921 | D:6      | Noticed Menkaure
  4930 | D:6      | Your ally Menkaure died
  4938 | D:6      | Noticed Pikel
  5270 | D:6      | Noticed Maggie
  5273 | D:6      | Killed from afar by Maggie

Illustrated notes

Levels and vault maps discovered:
D:1:      lightli_arrival_statue_moat, layout_basic
D:2:      layout_rooms
D:3:      layout_loops_ring, ebering_ghost_gozag, cheibrodos_sewer_entry_bend,
          chequers_arboretum, corexii_leaking_fountain,
          nicolae_figureground_pulse
D:4:      layout_cave_pools, chequers_serial_rivers_micro_a,
          minmay_misc_feat_doors, uniq_ijyb, uniq_eustachio
D:5:      layout_basic, mainiacjoe_overflow_alcove_3,
          kennysheep_cross_bottleneck, minivault_11,
          nicolae_shop_i_like_small_books_too, dreamdust_mushroom_princess
D:6:      layout_gridville, serial_glass, glass_columns_b, glass_columns_a,
          glass_columns_c, glass_columns_b, glass_columns_b, uniq_maggie,
          uniq_pikel, uniq_menkaure

Skill      XL: |  1  2  3  4  5  6  7  8 |
---------------+-------------------------+-----
Short Blades   | 3 4 5 6 |  6.1
Fighting       | 3 4 |  4.9
Shields        | 3 4 |  4.5
Dodging        | 5 6 |  6.2

Action                     |  1- 3 |  4- 6 |  7- 9 || total
---------------------------+-------+-------+-------++-------
  Melee: Rapier            |   112 |   159 |   103 ||   374
  Throw: Dart              |       |     1 |     4 ||     5
  Evoke: Wand              |       |     3 |    17 ||    20
    Use: Scroll            |     6 |     3 |     7 ||    16
         Potion            |       |     7 |     1 ||     8
   Stab: Distracted        |       |       |     1 ||     1
 Armour: Robe              |     6 |     5 |    13 ||    24
  Dodge: Dodged            |    89 |   110 |    83 ||   282
  Block: Buckler           |    25 |    33 |    24 ||    82
